 Dungeon Crawl Stone Soup version 0.19-a0-1732-g0b18a7b (webtiles) character file.

28143 gottagoquickly the Severer (level 13, -8/117 HPs)
             Began as a Minotaur Berserker on Sept 30, 2016.
             Was a High Priest of Trog.
             Mangled by a death yak (21 damage)
             ... on level 11 of the Dungeon.
             The game lasted 00:39:33 (6539 turns).

gottagoquickly the Severer (Minotaur Berserker)     Turns: 6539, Time: 00:39:34

Health: -8/117     AC: 18    Str: 24    XL:     13   Next: 8%
Magic:  13/13      EV: 12    Int:  6    God:    Trog [*****.]
Gold:   757        SH:  0    Dex: 15    Spells: 0 memorised, 12 levels left

rFire  + . .     SeeInvis .     a - +6 battleaxe (chop) {god gift}
rCold  + + .     Gourm    .     m - +0 plate armour (curse)
rNeg   . . .     Faith    +     (shield currently unavailable)
rPois  .         Spirit   .     c - +1 hat {Int+3}
rElec  .         Dismiss  .     i - +0 cloak
rCorr  .         Reflect  .     (no gloves)
MR     +....     Harm     .     K - +0 pair of boots
Stlth  ..........               D - amulet of faith
                                n - ring of Eqihex {rC++ MR+ Str+3}
                                g - ring of protection from fire

@: exhausted, slowed, very slow
A: retaliatory headbutt, horns 2, blurry vision 1, dopey 1, high mp 1, sense
surroundings 1
a: Berserk, Trog's Hand, Brothers in Arms, Burn Spellbooks, Renounce Religion


You were on level 11 of the Dungeon.
You worshipped Trog.
Trog was extremely pleased with you.
You were very hungry.

You visited 2 branches of the dungeon, and saw 19 of its levels.

You collected 757 gold pieces.

Inventory:

Hand Weapons
 a - a +6 battleaxe of chopping (weapon) {god gift}
 b - a +6 antimagic executioner's axe {god gift}
 C - a +3 battleaxe
 J - a +0 war axe
Missiles
 q - 12 tomahawks (quivered)
 r - 5 needles of confusion {god gift}
Armour
 c - a +1 hat of intelligence (worn)
 i - a +0 cloak (worn)
 m - a cursed +0 plate armour (worn)
 K - a +0 pair of boots (worn)
Jewellery
 g - a ring of protection from fire (left hand)
 n - the ring of Eqihex (right hand) {rC++ MR+ Str+3}
   (You found it on level 4 of the Dungeon)

   [ring of protection from magic]

   It affects your strength (+3).
   It greatly protects you from cold.
   It affects your resistance to hostile enchantments.
 D - an amulet of faith (around neck)
Wands
 j - a wand of slowing (23/48)
 p - a wand of iceblast (11/15)
 s - a wand of acid (8/15)
 x - a wand of hasting (9/9)
 A - a wand of polymorph (1/24)
 F - a wand of iceblast (8/15)
 G - a wand of polymorph (14/24)
Scrolls
 h - 2 scrolls of immolation
 t - a scroll of noise {!r}
 u - 2 scrolls of enchant weapon
 v - 4 scrolls of remove curse
 y - 3 scrolls of teleportation
 I - 4 scrolls of identify
Potions
 e - 2 potions of might
 f - 5 potions of curing
 o - 2 potions of ambrosia
 w - a potion of lignification
 E - a potion of haste
 L - a potion of magic {unknown}
Comestibles
 d - 7 bread rations
 k - 5 meat rations
 l - 9 beef jerkies
 z - 12 fruits
 H - 8 slices of pizza


   Skills:
 + Level 11.8 Fighting
 * Level 18.5 Axes
 - Level 10.3 Armour
 + Level 9.1 Dodging


You had 12 spell levels left.
You didn't know any spells.

Dungeon Overview and Level Annotations

Branches:
Dungeon (13/15)            Temple (0/1) D:6            Lair (6/6) D:9
 Shoals (0/4) Lair:2       Spider (0/4) Lair:3        Slime (0/5) Lair:5
    Orc (0/2) D:11
 Vaults: D:13-14

Altars:
Uskayaw
Vehumet
Yredelemnul
Zin
Jiyva

Annotations:
D:8 exclusion: upstairs
D:10 exclusion: orange crystal statue
Lair:2 exclusion: oklob plant


Innate Abilities, Weirdness & Mutations

You reflexively headbutt those who attack you in melee.
You have a pair of horns on your head.
Scrolls take you a little longer to read.
You are dopey. (Int -2)
You have an increased reservoir of magic. (+10% MP)
You passively map a small area around you.


Message History

You hit the death yak. You headbutt the death yak.
The death yak is severely wounded.
The death yak gores you but does no damage.
Unknown command.
You barely miss the death yak.
The death yak is severely wounded.
The death yak closely misses you.
The dream sheep shake their wool and sparkle.
You feel drowsy...
You fall asleep.
The death yak barely misses you. The death yak gores you!!!
You wake up.
* * * LOW HITPOINT WARNING * * *
You are too injured to fight recklessly!
Unknown command.
You are too injured to fight recklessly!
You are too injured to fight recklessly!
Unknown command.
Okay, then.
Okay, then.
You feel better. The death yak gores you!!
You die...

#..# ##'##.##'##.## * #..#
#.#...#.#...# #..###
#.#...#.#(..#,
#....###'#####'#####§#
#.÷#.'...............##########
###..#.'...............#.........
.....#####'#####)#####'##########
##..>....#.#...#.#...# #
#.......#.#...#@#...#, #
#..######'##.##Y##.## # #..#
#...#.#YYY#.# ######### ##..#
#...#.#...#.# #........ ..))#
#...#.#...#.# ,#........ ...<#
#...#.#...#.# , #########
###.#########.#####.#
#.................#
#..........###...##


You could see a death yak and 3 dream sheep.

Vanquished Creatures
  The ghost of zkyp the Cleaver, a journeyman DsBe of Trog (Lair:3)
  Snorg (Lair:4)
  4 death yaks (D:11)
  3 hill giants (D:10)
  A cyclops (D:12)
  An ugly thing (D:11)
  A black mamba (Lair:5)
  A centaur skeleton (D:10)
  A rime drake (Lair:2)
  5 spiny frogs
  3 komodo dragons
  3 trolls
  3 polar bears
  A jumping spider (Lair:3)
  4 blink frogs (Lair:5)
  6 dream sheep (D:11)
  A snapping turtle (Lair:2)
  2 hippogriffs
  5 slime creatures (D:12)
  A wyvern (D:9)
  19 yaks
  2 basilisks
  A hungry ghost (D:12)
  3 hogs (D:11)
  4 humans (D:11)
  7 water moccasins
  10 porcupines
  5 orc warriors
  5 necrophages (D:9)
  2 sky beasts
  2 black bears
  3 ice beasts
  A wasp (D:9)
  4 ogres
  3 phantoms
  4 centaurs
  3 wolves (Lair:3)
  The ghost of B1inky the Shield-Bearer, an amateur OpFi (D:5)
  10 crocodiles
  13 bullfrogs
  A water moccasin zombie (D:8)
  2 scorpions (D:9)
  8 killer bees
  6 wights (D:9)
  2 centaur zombies (D:9)
  5 crimson imps
  A bullfrog zombie (D:9)
  4 hounds
  2 jellies
  4 quasits
  11 orc priests
  2 bullfrog skeletons
  11 orc wizards
  5 iguanas
  5 worker ants
  2 hound zombies
  2 worker ant zombies (D:10)
  7 adders
  36 river rats
  A shadow imp (D:10)
  2 oozes
  An adder skeleton (D:9)
  An adder zombie (D:6)
  2 worms
  6 leopard geckos
  38 orcs
  9 bats
  A giant cockroach (D:5)
  3 goblins
  4 hobgoblins
  6 jackals
  2 quokkas
  4 frilled lizards
  4 kobolds (D:3)
  A quokka zombie (D:9)
  10 rats
  4 fungi
  A plant (D:9)
366 creatures vanquished.

Vanquished Creatures (collateral kills)
  The ghost of hairmachine the Bludgeoner, a journeyman OgBe of Trog (Lair:5)
  A catoblepas (Lair:5)
  A bullfrog (Lair:5)
3 creatures vanquished.

Vanquished Creatures (others)
  A troll (D:9)
  3 humans (D:11)
  2 plants
6 creatures vanquished.

Grand Total: 375 creatures vanquished

Notes
Turn   | Place    | Note
-------+----------+-------------------------------------------
     0 | D:1      | gottagoquickly the Minotaur Berserker began the quest for the Orb.
     0 | D:1      | Reached XP level 1. HP: 19/19 MP: 0/0
   154 | D:1      | Reached skill level 4 in Axes
   154 | D:1      | Reached XP level 2. HP: 25/27 MP: 1/1
   248 | D:2      | Reached skill level 3 in Armour
   395 | D:3      | Reached XP level 3. HP: 33/33 MP: 2/2
   425 | D:3      | Reached skill level 4 in Fighting
   429 | D:3      | Reached skill level 5 in Axes
   429 | D:3      | Reached XP level 4. HP: 40/40 MP: 3/3
   441 | D:3      | Gained mutation: You are clumsy. (Dex -2) [potion of mutation]
   441 | D:3      | Gained mutation: Scrolls take you a little longer to read. [potion of mutation]
   441 | D:3      | Gained mutation: You have an increased reservoir of magic. (+10% MP) [potion of mutation]
   451 | D:3      | Reached ** piety under Trog
   769 | D:4      | Got a glittering copper ring
   773 | D:4      | Identified the ring of Eqihex {rC++ MR+ Str+3} (You found it on level 4 of the Dungeon)
   780 | D:5      | Entered Level 5 of the Dungeon
   807 | D:5      | Noticed B1inky's ghost (amateur OpFi)
   816 | D:5      | Killed B1inky's ghost
   816 | D:5      | Reached skill level 5 in Fighting
   816 | D:5      | Reached skill level 6 in Axes
   816 | D:5      | Reached XP level 5. HP: 48/48 MP: 4/4
   882 | D:5      | Reached skill level 4 in Armour
   945 | D:5      | Reached XP level 6. HP: 35/56 MP: 5/5
   953 | D:4      | Found a radiant altar of Vehumet.
   979 | D:6      | Found a staircase to the Ecumenical Temple.
  1019 | D:6      | Reached skill level 7 in Axes
  1069 | D:6      | Reached XP level 7. HP: 38/62 MP: 6/6
  1120 | D:5      | Reached skill level 6 in Fighting
  1120 | D:5      | Reached skill level 5 in Armour
  1142 | D:4      | Found a hide-covered altar of Uskayaw.
  1197 | D:6      | Reached skill level 8 in Axes
  1330 | D:8      | Reached *** piety under Trog
  1385 | D:8      | Reached XP level 8. HP: 69/71 MP: 7/7
  1431 | D:8      | Reached skill level 9 in Axes
  1431 | D:8      | Reached skill level 6 in Armour
  1438 | D:8      | Gained mutation: You passively map a small area around you. [mutagenic meat]
  1441 | D:8      | Gained mutation: You are dopey. (Int -2) [mutagenic meat]
  1447 | D:8      | Lost mutation: You are clumsy. (Dex -2) [mutagenic meat]
  1576 | D:8      | Reached skill level 7 in Fighting
  1592 | D:9      | Noticed a troll
  1601 | D:9      | Killed a troll
  1607 | D:9      | Reached skill level 10 in Axes
  1611 | D:9      | Reached skill level 7 in Armour
  1624 | D:9      | Reached XP level 9. HP: 20/81 MP: 8/8
  1739 | D:8      | Reached skill level 8 in Fighting
  1830 | D:9      | Reached skill level 11 in Axes
  1945 | D:9      | Reached **** piety under Trog
  1960 | D:9      | Reached skill level 8 in Armour
  2146 | D:10     | Entered Level 10 of the Dungeon
  2157 | D:10     | Noticed a troll
  2163 | D:10     | Killed a troll
  2163 | D:10     | Reached skill level 9 in Fighting
  2163 | D:10     | Reached skill level 12 in Axes
  2227 | D:10     | Noticed a hill giant
  2243 | D:10     | Noticed a hill giant
  2367 | D:10     | Reached XP level 10. HP: 54/91 MP: 10/10
  2399 | D:10     | Killed a hill giant
  2399 | D:10     | Reached skill level 9 in Armour
  2446 | D:10     | Noticed an orange crystal statue
  2489 | D:10     | Found a glowing silver altar of Zin.
  2633 | D:11     | Reached skill level 13 in Axes
  2785 | D:11     | Noticed a cyan ugly thing
  2795 | D:11     | Killed a cyan ugly thing
  2913 | D:11     | Noticed a death yak
  2913 | D:11     | Noticed a death yak
  2993 | D:11     | Reached skill level 10 in Fighting
  3104 | D:12     | Reached ***** piety under Trog
  3219 | D:12     | Reached skill level 10 in Armour
  3224 | D:12     | Reached skill level 14 in Axes
  3385 | D:12     | Noticed a cyclops
  3401 | D:12     | Killed a cyclops
  3401 | D:12     | Reached XP level 11. HP: 45/101 MP: 11/11
  3464 | D:13     | what is this bullshit layout
  3476 | D:12     | Received a gift from Trog
  3593 | D:11     | Found a basalt altar of Yredelemnul.
  3736 | D:11     | Reached skill level 3 in Dodging
  3775 | D:11     | Reached skill level 15 in Axes
  3785 | D:11     | Killed a death yak
  3785 | D:11     | Reached skill level 4 in Dodging
  3902 | D:11     | Noticed a death yak
  3902 | D:11     | Noticed a death yak
  3902 | D:11     | Noticed a death yak
  3907 | D:11     | Found a staircase to the Orcish Mines.
  4011 | D:11     | Killed a death yak
  4011 | D:11     | Reached skill level 5 in Dodging
  4126 | D:10     | Killed a hill giant
  4158 | D:10     | Reached skill level 16 in Axes
  4206 | D:10     | Noticed a hill giant
  4212 | D:10     | Killed a hill giant
  4222 | D:10     | HP: 7/101 [yak (7)]
  4223 | D:10     | Reached skill level 6 in Dodging
  4297 | D:9      | Found a staircase to the Lair.
  4487 | Lair:1   | Entered Level 1 of the Lair of Beasts
  4576 | Lair:2   | Noticed a five-headed hydra
  4611 | Lair:3   | Reached XP level 12. HP: 92/108 MP: 12/12
  4623 | Lair:3   | Noticed zkyp's ghost (journeyman DsBe)
  4636 | Lair:3   | Killed zkyp's ghost
  4743 | Lair:3   | Found a hole to the Spider Nest.
  4752 | Lair:3   | Received a gift from Trog
  4898 | Lair:4   | Identified a scroll of acquirement
  4914 | Lair:4   | Reached skill level 7 in Dodging
  4949 | Lair:3   | Reached skill level 17 in Axes
  5358 | Lair:4   | Noticed Snorg
  5375 | Lair:4   | Killed Snorg
  5414 | Lair:4   | Received a gift from Trog
  5773 | Lair:2   | Reached skill level 8 in Dodging
  5858 | Lair:2   | Reached skill level 11 in Fighting
  5909 | Lair:2   | Found a staircase to the Shoals.
  6037 | Lair:5   | Noticed a catoblepas
  6037 | Lair:5   | Noticed hairmachine's ghost (journeyman OgBe)
  6042 | Lair:5   | Killed a catoblepas
  6047 | Lair:5   | Killed hairmachine's ghost
  6047 | Lair:5   | Reached skill level 18 in Axes
  6120 | Lair:5   | Found a viscous altar of Jiyva.
  6120 | Lair:5   | Found a staircase to the Slime Pits.
  6227 | Lair:6   | Entered Level 6 of the Lair of Beasts
  6519 | D:11     | Killed a death yak
  6519 | D:11     | Reached skill level 9 in Dodging
  6519 | D:11     | Reached XP level 13. HP: 112/117 MP: 13/13
  6538 | D:11     | HP: 1/117 [death yak (39)]
  6539 | D:11     | Mangled by a death yak

Vault maps used:
D:1:      evilmike_arrival_run_for_it, moated_statue, nrook_mini_backslash
D:3:      uniq_robin
D:4:      grunt_temple_overflow_open, st_stairs_12, minmay_misc_feat_tower
D:5:      first_bread
D:7:      marbit_many_paths, uniq_duvessa, uniq_pikel, uniq_menkaure
D:9:      grunt_lair_entry_orc_guard_hut, serial_undead, serial_undead_d,
          serial_undead_e, serial_undead_f, serial_undead_f, serial_undead_a
D:10:     basic_altar, minmay_protected_statue
D:11:     slaughterhouse, grunt_livestock, lemuel_centaur_altar
Lair:2:   minmay_shoals_entry_hut, disabler_island, grunt_megastairs_2,
          lemuel_fruit_tree
Lair:3:   spider_nest_entry_rubble, beast_lair_carwin_9, grunt_megastairs_1,
          serial_bayou_shore_b
Lair:4:   grunt_megastairs_5, bh_autumn_forest_stairs, uniq_snorg
Lair:5:   slime_altar_1, grunt_megastairs_3, lemuel_fruit_fields
Lair:6:   evilmike_catoblepas_cave

Skill      XL: |  1  2  3  4  5  6  7  8  9 10 11 12 |
---------------+-------------------------------------+-----
Axes           | 4 5 6 7 8 10 12 14 16 18 | 18.5
Armour         | 3 4 5 7 8 10 | 10.3
Fighting       | 4 5 6 7 9 10 11 | 11.8
Dodging        | 6 9 |  9.1

Action                   |  1- 3 |  4- 6 |  7- 9 | 10-12 | 13-15 || total
-------------------------+-------+-------+-------+-------+-------++-------
Melee: Hand axe          |    37 |   119 |   282 |    32 |       ||   470
       Headbutt          |     1 |    17 |    64 |   105 |     4 ||   191
       War axe           |       |       |       |   145 |       ||   145
       Battleaxe         |       |       |       |   296 |    14 ||   310
       Executioner's axe |       |       |       |    24 |       ||    24
Invok: Berserk           |     2 |     3 |     6 |    17 |       ||    28
       Trog's Hand       |       |     2 |     2 |     8 |       ||    12
       Brothers in Arms  |       |       |       |     2 |       ||     2
Evoke: Wand              |       |       |       |     9 |       ||     9
  Use: Potion            |       |     3 |     1 |       |     1 ||     5
       Scroll            |       |     4 |     6 |    11 |       ||    21
 Stab: Invisible         |       |       |     4 |       |       ||     4
       Distracted        |       |       |       |     1 |       ||     1
  Eat: Chunk             |       |     7 |    16 |    35 |       ||    58
       Fruit             |       |       |       |     1 |       ||     1
Armor: Animal skin       |     1 |       |       |       |       ||     1
       Ring mail         |       |    42 |       |       |       ||    42
       Chain mail        |       |       |   108 |     9 |       ||   117
       Plate armour      |       |       |       |   246 |     2 ||   248
Dodge: Dodged            |    23 |    61 |   117 |   220 |     5 ||   426
